Map: Turbo Cruise '84 LE

Players

souL

  • Race: Terran Terran
  • Spawn Location: 3:00

Nerchio - Winner!

  • Race: Zerg Zerg
  • Spawn Location: 7:00

Event: 2019 WCS Summer

VOD

Have the link to the VOD?

Description

Time

  • Played on: July 13, 2019, 9:56 a.m.
  • Length: 13:25

All games in this series

Show
View Real Time Build Order
Export as new Build Order

souL Terran 

Build Orders: Reaper Expand, Hellion Banshee 

Get SALT Encoding   

  12  0:00  SCV  
  13  0:13  SCV  
  14  0:17  Supply Depot  
  14  0:25  SCV  
  15  0:39  SCV  
  15  0:41  Barracks  
  16  0:45  Refinery  
  16  0:51  SCV  
  17  1:03  SCV  
  18  1:15  SCV  
  19  1:28  Orbital Command, Reaper  
  20  1:41  Command Center  
  20  1:51  Supply Depot  
  20  1:54  SCV  
  20  2:00  Marine  
  22  2:06  SCV  
  23  2:11  Factory  
  23  2:18  Refinery  
  23  2:19  SCV  
  25  2:24  Barracks Reactor  
  23  2:31  SCV  
  24  2:43  SCV  
  25  2:55  Orbital Command, SCV  
  25  2:57  Starport  
  26  3:07  SCV, Hellion x2  
  26  3:11  Barracks Tech Lab  
  32  3:20  SCV  
  32  3:22  SCV  
  33  3:28  Hellion x2  
  33  3:34  SCV  
  38  3:37  Barracks Tech Lab, SCV  
  38  3:39  Supply Depot  
  38  3:41  Cloaking Field  
  39  3:44  Banshee  
  39  3:47  SCV  
  43  3:50  SCV  
  46  3:55  Hellion  
  46  4:00  SCV  
  46  4:01  Hellion  
  49  4:06  Stimpack, Marine  
  49  4:07  SCV  
  50  4:10  Supply Depot  
  50  4:13  SCV  
  51  4:19  SCV  
  52  4:25  SCV  
  52  4:29  Command Center  
  53  4:33  Supply Depot  
  53  4:34  SCV  
  54  4:38  Banshee  
  57  4:46  SCV  
  57  4:48  Factory Reactor, Supply Depot  
  57  4:49  SCV  
  59  4:55  Barracks  
  59  4:56  Bunker  
  59  4:59  Marine  
  60  5:00  Bunker  
  60  5:07  SCV  
  60  5:11  SCV  
  62  5:16  Marine  
  62  5:19  SCV  
  64  5:23  SCV  
  64  5:32  SCV  
  64  5:35  Marine, SCV  
  48  5:44  Marine, SCV  
  48  5:47  Marine  
  48  5:48  Siege Tank  
  54  5:53  Marine  
  54  5:56  Medivac  
  56  6:02  Marine  
  57  6:05  Marine  
  57  6:07  Combat Shield  
  57  6:11  Marine  
  58  6:17  Barracks  
  58  6:19  Marine  
  58  6:23  Marine  
  59  6:26  Orbital Command  
  59  6:27  SCV  
  59  6:29  Marine  
  59  6:32  Siege Tank  
  64  6:37  Marine  
  64  6:39  SCV  
  66  6:41  Marine  
  66  6:46  Marine  
  68  6:51  SCV  
  68  6:55  Marine, SCV  
  68  6:59  Marine  
  66  7:03  SCV  
  66  7:04  Marine  
  66  7:09  Barracks Reactor  
  66  7:12  Medivac  
  66  7:13  Marine  
  69  7:15  Orbital Command  
  69  7:36  Supply Depot  
  69  7:40  Supply Depot  
  69  7:43  Marine x2  
  69  7:44  Siege Tank, SCV x2  
  76  7:48  SCV  
  77  7:55  Marine  
  77  7:57  SCV x2  
  79  8:00  SCV  
  79  8:01  Marine  
  79  8:03  Marine  
  82  8:09  SCV  
  82  8:10  Marine x2  
  82  8:12  SCV  
  86  8:16  Siege Tank, Marine  
  86  8:19  Medivac  
  91  8:29  Engineering Bay, SCV  
  91  8:30  Refinery  
  91  8:31  Marine  
  91  8:32  Refinery, Engineering Bay  
  92  8:34  SCV  
  92  8:36  Orbital Command  
  93  8:51  Engineering Bay  
  93  8:52  Engineering Bay  
  93  8:54  Marine, Supply Depot  
  93  8:55  Supply Depot  
  93  9:00  Supply Depot  
  93  9:15  Marine x5, SCV x2  
  100  9:27  SCV x2  
  100  9:29  Medivac  
  104  9:33  Marine x5  
  109  9:39  Medivac  
  109  9:40  SCV x2  
  113  9:47  Terran Infantry Armor Level 1  
  113  9:51  Marine x5  
  113  9:52  SCV x2, Terran Infantry Weapons Level 1  
  117  10:08  Orbital Command  
  117  10:10  Supply Depot  
  117  10:31  Marine x2  
  117  10:32  Marine x3, SCV x2, Medivac  
  118  10:38  Medivac  
  115  10:44  SCV  
  115  10:48  SCV  
  115  10:49  Marine x3  
  111  10:55  Barracks, Missile Turret  
  111  10:56  Barracks  
  114  10:59  SCV  
  114  11:02  Medivac  
  114  11:03  Armory, Missile Turret  
  115  11:05  Marine  
  115  11:06  SCV, Supply Depot  
  117  11:16  Marine x4  
  119  11:23  Bunker, Marine  
  120  11:29  Supply Depot x2  
  120  11:30  SCV x3  
  124  11:42  SCV x2  
  124  11:45  Command Center  
  124  11:46  Barracks Reactor  
  125  11:47  Barracks Reactor  
  125  11:53  Factory Reactor  
  125  11:58  Factory Reactor  
  124  12:03  Marine, Supply Depot  
  124  12:05  Supply Depot  
  124  12:07  SCV x3  
  128  12:19  SCV  
  128  12:21  Marine x3  
  128  12:22  Marine  
  119  12:30  Marine  
  119  12:31  Marine  
  119  12:36  Marine  
  103  12:38  Marine, SCV x3  
  103  12:39  Marine x4  
  103  12:42  Medivac x2  
  104  12:48  Marine  
  104  12:49  Marine  
  104  12:50  SCV x3  
  106  12:54  Marine  
  106  12:56  Marine  
  106  12:57  Marine x4  
  104  13:02  SCV x3  
  104  13:06  Marine  
  104  13:07  Marine  
Show
View Real Time Build Order
Export as new Build Order

Nerchio Zerg - Winner!

Build Orders: Pool First 

Get SALT Encoding   

  12  0:00  Drone  
  13  0:12  Overlord  
  13  0:17  Drone  
  14  0:30  Drone x2  
  14  0:34  Drone  
  17  0:44  Drone, Extractor  
  17  0:49  Spawning Pool  
  16  0:55  Drone  
  17  1:15  Hatchery  
  16  1:19  Drone  
  17  1:36  Zergling x4  
  17  1:39  Queen  
  19  1:46  Metabolic Boost  
  21  1:54  Overlord  
  21  1:58  Drone  
  22  2:13  Drone x2  
  22  2:15  Queen  
  24  2:21  Drone  
  27  2:31  Drone  
  27  2:32  Drone  
  29  2:38  Drone  
  29  2:42  Drone  
  31  2:48  Drone  
  31  2:49  Drone x2  
  34  2:57  Hatchery  
  33  3:01  Overlord  
  33  3:07  Zergling x4  
  33  3:08  Zergling x2  
  36  3:24  Lair  
  36  3:27  Drone, Queen  
  36  3:28  Drone x2  
  36  3:29  Drone  
  42  3:34  Overlord  
  42  3:45  Overlord x2  
  42  3:57  Zergling x14  
  42  3:58  Zergling x2  
  50  4:10  Zergling x10  
  50  4:13  Queen  
  57  4:23  Nydus Network  
  56  4:28  Queen  
  58  4:37  Spore Crawler x2  
  56  4:43  Zergling x12  
  62  4:54  Queen  
  64  5:04  Nydus Canal  
  64  5:12  Zergling x2  
  64  5:13  Zergling x18  
  71  5:14  Overseer  
  71  5:20  Nydus Canal  
  67  5:29  Zergling x4  
  67  5:30  Zergling x6  
  64  5:35  Zergling x2  
  64  5:36  Zergling x2  
  64  5:42  Drone  
  61  5:45  Drone x2  
  63  5:51  Drone  
  63  5:52  Evolution Chamber  
  63  5:56  Drone  
  63  5:57  Drone  
  65  6:02  Drone, Queen  
  65  6:03  Queen  
  70  6:06  Drone  
  70  6:07  Drone  
  72  6:12  Drone  
  73  6:19  Overlord  
  73  6:21  Spore Crawler  
  72  6:28  Overlord  
  72  6:29  Drone  
  73  6:33  Zerg Ground Armor Level 1  
  73  6:37  Queen  
  73  6:38  Drone x2  
  73  6:39  Drone  
  78  6:40  Drone  
  78  6:42  Drone  
  80  6:48  Drone  
  80  6:50  Drone x2  
  82  7:05  Drone x3  
  82  7:06  Drone  
  83  7:11  Drone, Overlord  
  83  7:12  Drone x3  
  83  7:14  Extractor  
  86  7:18  Drone  
  86  7:21  Drone x2  
  89  7:23  Hatchery  
  89  7:25  Drone x3  
  89  7:28  Extractor  
  88  7:33  Extractor  
  88  7:34  Drone x3  
  88  7:36  Extractor  
  89  7:43  Drone  
  90  7:47  Zergling x14  
  90  7:51  Overlord  
  93  8:00  Drone x3  
  93  8:01  Drone x2  
  93  8:02  Drone  
  93  8:03  Spire  
  96  8:08  Drone x4  
  96  8:13  Extractor  
  95  8:21  Zergling x2  
  95  8:22  Zergling x12  
  95  8:23  Baneling Nest  
  101  8:28  Drone  
  101  8:33  Overlord x2  
  102  8:35  Overlord  
  102  8:39  Overlord x4  
  102  8:40  Overlord  
  102  8:52  Zerg Ground Armor Level 2  
  102  8:54  Evolution Chamber  
  101  9:02  Drone  
  101  9:03  Drone x10  
  111  9:10  Centrifical Hooks  
  111  9:21  Zergling x18  
  120  9:24  Baneling x5  
  120  9:25  Baneling x2  
  120  9:27  Zergling x4  
  119  9:44  Hatchery  
  115  9:52  Zergling x2  
  110  9:53  Zergling x24  
  110  9:55  Overseer  
  120  10:03  Zerg Flyer Weapons Level 1  
  120  10:07  Zerg Melee Weapons Level 1  
  119  10:18  Mutalisk x8, Extractor  
  119  10:19  Mutalisk, Extractor  
  128  10:38  Mutalisk  
  128  10:39  Mutalisk x3  
  131  10:43  Zergling x2  
  131  10:44  Zergling x10  
  131  10:47  Drone  
  131  10:48  Drone  
  135  10:50  Drone  
  135  10:51  Drone x2  
  135  10:52  Drone  
  139  11:00  Zergling x4  
  139  11:01  Zergling x2  
  142  11:05  Baneling x6  
  142  11:09  Hatchery  
  141  11:18  Drone x8  
  149  11:34  Zergling x2  
  149  11:35  Zergling x14  
  157  11:42  Mutalisk x2  
  161  11:51  Baneling x5  
  161  11:52  Baneling x12  
  161  12:01  Zergling x14  
  168  12:06  Infestation Pit, Overlord x3  
  162  12:28  Zergling x24  
  153  12:32  Zergling x2  
  145  12:37  Zergling x2  
  145  12:38  Zergling x12  
  143  12:49  Zergling x10  
  142  13:00  Zergling x10  
  142  13:05  Baneling x18  
  144  13:08  Drone x7  
Tags
 
Add a new tag
Caveats
  • Supply blocks, unpowered buildings, or Contaminate may cause inaccurate times.
  • Supply counts are checked every 10 seconds.